 Dungeon Crawl Stone Soup version 0.31.0-9-g3a7656b989 (webtiles) character file.

Game seed: 17397690224567349498

6318 GordonOverkill the Cleaver (level 10, -4/83 HPs)
             Began as a Demigod Gladiator on Jan 26, 2024.
             Incinerated by a deep elf pyromancer (10 damage)
             ... with a pyre arrow
             ... on level 8 of the Dungeon.
             The game lasted 00:12:28 (7284 turns).

GordonOverkill the Cleaver (Demigod Gladiator)      Turns: 7284, Time: 00:12:29

Health: -4/83      AC: 18    Str: 25    XL:     10   Next: 37%
Magic:  0/13       EV: 13    Int: 10    God:
Gold:   330        SH:  6    Dex: 17    Spells: 9/9 levels left

rFire   . . .        g - +4 broad axe (venom)
rCold   + + .        s - +0 buckler
rNeg    . . .        F - +0 plate armour
rPois   .            c - +1 helmet
rElec   .            H - +2 cloak
rCorr   .            l - +0 pair of gloves
SInv    .            (no boots)
Will    +....        t - amulet of guardian spirit Stlth
                     f - ring of protection from cold
HPRegen 0.33/turn    m - ring of Orthodoxy {rC+ EV+5 Str-2 Dex+2}
MPRegen 0.13/turn

%: guardian spirit
@: mighty, on fire, hasted, glowing, very quick
A: high MP 1, forlorn, divine attributes
a: no special abilities


You were on level 8 of the Dungeon.
You visited 1 branch of the dungeon, and saw 8 of its levels.

You collected 330 gold pieces.

Inventory:

Hand Weapons
 a - a +0 war axe of chaos
 g - a +4 broad axe of venom (weapon)
Missiles
 d - 3 throwing nets
 j - a javelin
 u - 9 poisoned darts
 w - 3 curare-tipped darts (quivered)
 x - 7 boomerangs
Armour
 c - a +1 helmet (worn)
 l - a +0 pair of gloves (worn)
 s - a +0 buckler (worn)
 z - a scarf of shadows
 F - a +0 plate armour (worn)
 H - a +2 cloak (worn)
Jewellery
 e - a ring of protection from cold
 f - a ring of protection from cold (left hand)
 m - the ring of Orthodoxy (right hand) {rC+ EV+5 Str-2 Dex+2}
   (You found it on level 2 of the Dungeon)

   [ring of evasion]

   EV+5:      It affects your evasion (+5).
   Str-2:     It affects your strength (-2).
   Dex+2:     It affects your dexterity (+2).
   rC+:       It protects you from cold.
 t - an amulet of guardian spirit (around neck)
 J - a ring of flight
Wands
 b - a wand of acid (10)
 C - a wand of paralysis (6)
 D - a wand of flame (6)
 G - a wand of roots (12)
Scrolls
 k - a scroll of brand weapon
 o - 4 scrolls of teleportation
Potions
 n - a potion of resistance
 q - a potion of might
 A - 2 potions of curing
 I - a potion of mutation


   Skills:
 - Level 6.0 Fighting
 + Level 11.8 Axes
 - Level 2.0 Throwing
 - Level 4.0 Armour
 - Level 2.6 Dodging
 - Level 5.0 Shields
 - Level 3.0 Evocations


You had 9 spell levels left.
You didn't know any spells.
Your spell library contained the following spells:

 Spells                   Type           Power      Damage    Failure   Level
 Sandblast                Erth           0%         2d4       100%        1
 Inner Flame              Hex/Fire       0%         N/A       100%        3
 Passwall                 Erth           0%         N/A       100%        3
 Stone Arrow              Conj/Erth      0%         3d7       100%        3
 Brom's Barrelling Bould  Conj/Erth      0%         2d3       100%        4
 Flame Wave               Conj/Fire      0%         2d4       100%        4
 Sticky Flame             Fire/Alch      0%         2d4       100%        4
 Vhi's Electric Charge    Tloc/Air       0%         N/A       100%        4
 Arcjolt                  Conj/Air       0%         1d10      100%        5
 Plasma Beam              Fire/Air       0%         2x1d10    100%        6


Dungeon Overview and Level Annotations

Branches:
Dungeon (8/15)             Temple (0/1) D:6
   Lair: D:8-11

Shops:
D:6 :   D:7 *

Annotations:
D:4 3 runed translucent doors, kalagan's ghost, novice DECj


Innate Abilities, Weirdness & Mutations

You have an increased reservoir of magic. (+10% MP)
You shall have no god before yourself.
Your divine heritage dramatically boosts your attributes as you level up.


Message History

* * * LOW HITPOINT WARNING * * *
The deep elf pyromancer casts a spell at you.
The pyre arrow hits you.
You are covered in intense liquid fire!
The fire elemental hits you. x2
* * * LOW HITPOINT WARNING * * *
The fire elemental burns you!
* * * LOW HITPOINT WARNING * * *
You slice the deep elf pyromancer!!
The deep elf pyromancer is poisoned.
The deep elf pyromancer is severely wounded.
You barely miss the fire elemental. You closely miss the fire elemental.
The liquid fire burns you!
* * * LOW HITPOINT WARNING * * *
The fire elemental barely misses you.
The deep elf pyromancer casts a spell at you.
The pyre arrow misses you.
The pyre arrow hits the fire elemental.
The fire elemental hits you. The fire elemental burns you!
* * * LOW HITPOINT WARNING * * *
The fire elemental hits you. The fire elemental burns you!
* * * LOW HITPOINT WARNING * * *
The fire elemental barely misses you.
The deep elf pyromancer points at you and mumbles some strange words.
The pyre arrow hits you.
You are even more covered in intense liquid fire!
Okay, then.
You feel yourself speed up. The liquid fire burns you!
* * * LOW HITPOINT WARNING * * *
The fire elemental barely misses you. The fire elemental hits you.
The fire elemental burns you!
* * * LOW HITPOINT WARNING * * *
The fire elemental completely misses you.
The deep elf pyromancer hits you with a +1 long sword of holy wrath.
* * * LOW HITPOINT WARNING * * *
You shake off some of the fire as you move.
The liquid fire burns you!
* * * LOW HITPOINT WARNING * * *
You shake off some of the fire as you move.
The liquid fire burns you!
You die...

.. .......... #..# ..
.........# #...# ..
.........####...# .. ..
....##.........# ..
...## #......°.....# ..
......####....☼☼°Y..#
.....#....
#....EEE...##
.....##...###.....e...#
..........#....@....##
♣♣............##.....#
♣..............#....##
....................#
................#..##
..........#..#.(...#
♣...#.......##....##
♣♣..#........##..†.#
.................).##


You could see a deep elf pyromancer (very poisoned), 3 fire elementals and an
ice beast.

Vanquished Creatures
  A centaur warrior (D:8)
  A hydra (D:8)
  Maurice (D:7)
  Joseph (D:8)
  Maggie (D:6)
  A kobold demonologist (D:8)
  A blink frog (shapeshifter) (D:8)
  Sigmund (D:4)
  A wraith (D:8)
  A wyvern (D:8)
  An acid dragon (D:8)
  A water moccasin (D:7)
  2 sky beasts (D:7)
  2 black bears
  An orc warrior (D:7)
  4 ice beasts
  2 centaurs
  A phantom (D:5)
  A bullfrog (D:8)
  12 wights
  14 killer bees
  A howler monkey (D:3)
  3 hounds (D:6)
  3 jellies
  5 orc priests
  A sleepcap (D:5)
  An iguana (D:5)
  6 orc wizards
  A gnoll (D:1)
  10 adders
  2 shadow imps
  2 white imps
  2 ufetubi (D:6)
  5 dart slugs
  A ribbon worm (D:2)
  8 orcs
  5 endoplasms
  9 goblins
  7 hobgoblins
  6 jackals
  4 kobolds
  2 quokkas
  3 ball pythons
  4 bats
  3 frilled lizards
  A rat (D:1)
146 creatures vanquished.

Notes
Turn   | Place    | Note
-------+----------+-------------------------------------------
     0 | D:1      | GordonOverkill the Demigod Gladiator began the quest for
                  | the Orb.
     0 | D:1      | Reached XP level 1. HP: 17/17 MP: 3/3
   102 | D:1      | Reached skill level 3 in Axes
   295 | D:1      | Reached XP level 2. HP: 24/24 MP: 4/4
   683 | D:1      | Reached XP level 3. HP: 29/31 MP: 5/5
   870 | D:2      | Identified the ring of Orthodoxy {rC+ EV+5 Str-2 Dex+2}
  1431 | D:3      | Identified a scroll of acquirement
  1431 | D:3      | Acquired a +2 broad axe of venom
  1961 | D:3      | Reached XP level 4. HP: 35/38 MP: 6/6
  2104 | D:3      | Reached skill level 4 in Axes
  2468 | D:4      | Reached XP level 5. HP: 41/45 MP: 7/7
  2470 | D:4      | Reached skill level 5 in Axes
  3014 | D:4      | Found a runed translucent gate.
  3015 | D:4      | Found a runed translucent gate.
  3015 | D:4      | Found a runed translucent gate.
  3017 | D:4      | Noticed kalagan's ghost (novice DECj)
  3035 | D:4      | Noticed Sigmund
  3040 | D:4      | Killed Sigmund
  3041 | D:4      | Reached skill level 6 in Axes
  3041 | D:4      | Reached skill level 1 in Shields
  3041 | D:4      | Reached XP level 6. HP: 42/51 MP: 6/8
  3140 | D:5      | Entered Level 5 of the Dungeon
  3194 | D:5      | Reached XP level 7. HP: 41/58 MP: 5/9
  4125 | D:6      | Found Qipnu's Book Boutique.
  4149 | D:6      | Reached skill level 7 in Axes
  4323 | D:6      | Reached skill level 8 in Axes
  4431 | D:6      | Reached skill level 1 in Armour
  4431 | D:6      | Reached XP level 8. HP: 61/66 MP: 8/10
  4493 | D:6      | Noticed Maggie
  4494 | D:6      | Paralysed by Maggie for 3 turns
  4503 | D:6      | Killed Maggie
  4904 | D:6      | Found a staircase to the Ecumenical Temple.
  5109 | D:7      | Noticed Maurice
  5153 | D:7      | Reached skill level 5 in Shields
  5254 | D:7      | Reached skill level 5 in Fighting
  5404 | D:7      | Reached XP level 9. HP: 75/75 MP: 11/11
  5649 | D:7      | Killed Maurice
  5924 | D:7      | Reached skill level 9 in Axes
  6262 | D:7      | Found Koevuceiq's Mail-Order Catalogue.
  6755 | D:8      | Noticed a kobold demonologist
  6761 | D:8      | Killed a kobold demonologist
  6762 | D:8      | Reached skill level 10 in Axes
  6820 | D:8      | Noticed Joseph
  6832 | D:8      | Killed Joseph
  6837 | D:8      | Reached XP level 10. HP: 22/83 MP: 3/13
  7079 | D:8      | Noticed a centaur warrior
  7091 | D:8      | Killed a centaur warrior
  7092 | D:8      | Reached skill level 11 in Axes
  7157 | D:8      | Noticed a four-headed hydra
  7179 | D:8      | Killed a seven-headed hydra
  7273 | D:8      | Noticed a deep elf pyromancer
  7284 | D:8      | Incinerated by a deep elf pyromancer

Illustrated notes

Levels and vault maps discovered:
D:1:      dpeg_arrival_triangle_fractal, layout_rooms, grunt_decor_mini_mirrors,
          minmay_tromino_i2
D:2:      layout_basic, basic_ecumenical_altar, basic_altar
D:3:      layout_loops_corners, minmay_overflow_temple_hex
D:4:      layout_loops_ring, ebering_ghost_rock_garden, uniq_sigmund
D:5:      layout_basic
D:6:      layout_rooms, minmay_temple_entry_junction_2, serial_shops,
          nicolae_book_shop_shelving, uniq_maggie
D:7:      layout_gridville, hangedman_decor_diamond_cutter,
          monkooky_shop_mail_order, uniq_maurice
D:8:      minmay_diamond_stairs, layout_cave_pools, xom_teletrap_fun,
          kb_rosetta, uniq_grum, uniq_joseph, uniq_jeremiah

Skill      XL: |  1  2  3  4  5  6  7  8  9 10 |
---------------+-------------------------------+-----
Axes           | 3 4 6 8 10 11 | 11.8
Fighting       | 2 3 4 5 6 |  6.0
Shields        | 1 3 5 |  5.0
Armour         | 1 4 |  4.0
Evocations     | 3 |  3.0
Throwing       | 2 |  2.0
Dodging        | |  2.6

Action                     |  1- 3 |  4- 6 |  7- 9 | 10-12 || total
---------------------------+-------+-------+-------+-------++-------
  Melee: War axe           |    78 |       |       |       ||    78
         Broad axe         |    14 |    83 |   273 |    30 ||   400
         Punch             |     1 |       |       |       ||     1
  Throw: Throwing net      |     1 |       |       |       ||     1
         Dart              |       |     1 |     6 |     6 ||    13
  Evoke: Wand              |       |       |       |     3 ||     3
    Use: Scroll            |     7 |       |    13 |     1 ||    21
         Potion            |       |       |     1 |     2 ||     3
   Stab: Sleeping          |     3 |       |       |       ||     3
         Paralysed         |       |       |       |     4 ||     4
 Armour: Leather armour    |    48 |       |       |       ||    48
         Scale mail        |     4 |    44 |    30 |       ||    78
         Chain mail        |       |       |    62 |       ||    62
         Plate armour      |       |       |   125 |    59 ||   184
  Dodge: Dodged            |    54 |    53 |   203 |    20 ||   330
  Block: Buckler           |     3 |    20 |    87 |    12 ||   122
